 Dungeon Crawl Stone Soup version 0.28.0-53-g5a82cb258f (webtiles) character file.

Game seed: 10127375811642646231

4181 Legadrian the Blocker (level 10, -8/66 HPs)
             Began as a Gargoyle Fighter on July 9, 2022.
             Was a Believer of Trog.
             Killed by the air
             ... invoked by Gastronok
              (28 damage)
             ... on level 9 of the Dungeon.
             The game lasted 00:28:47 (9329 turns).

Legadrian the Blocker (Gargoyle Fighter)            Turns: 9329, Time: 00:28:48

Health: -8/66      AC: 17    Str: 30      XL:     10   Next: 28%
Magic:  0/1        EV: 10    Int: 11 (12) God:    Trog [**....]
Gold:   480        SH:  0    Dex: 13      Spells: 9/9 levels left

rFire   + . .      SeeInvis .   x - +4 flail "Jaob" {freeze, rPois MP-9 Int+3 Dex+4}
rCold   . . .      Faith    .   b - +1 buckler
rNeg    + . .      Spirit   +   F - +3 leather armour {rF+}
rPois   ∞          Reflect  .   (no helmet)
rElec   +          Harm     .   y - +2 cloak
rCorr   .          Rampage  .   (no gloves)
Will    .....                   k - +0 pair of boots
Stlth   +.........              I - amulet of guardian spirit
HPRegen 0.21/turn               J - +6 ring of strength
MPRegen 0.07/turn               z - +4 ring of slaying

@: confused, ambrosia-drunk, on berserk cooldown, slowed, studying Shields,
unable to read, very slow
A: sickness immunity, AC +7, negative energy resistance 1, electricity
resistance, torment resistance 1, petrification resistance, claws 1,
deterioration 1, inability to read while threatened, devolution 1
a: Renounce Religion, Berserk, Trog's Hand


You were on level 9 of the Dungeon.
You worshipped Trog.
Trog was pleased with you.
You visited 2 branches of the dungeon, and saw 10 of its levels.
You also visited: Ossuary.

You collected 480 gold pieces.

Inventory:

Hand Weapons
 c - a +2 dagger of venom
 w - a +0 hunting sling
 x - the +4 flail "Jaob" (weapon) {freeze, rPois MP-9 Int+3 Dex+4}
   (You found it on level 5 of the Dungeon)

   It freezes those it strikes, dealing additional cold damage.
   It can also slow down cold-blooded creatures.
   Int:       It affects your intelligence (+3).
   Dex:       It affects your dexterity (+4).
   rPois:     It protects you from poison.
   MP:        It affects your magic capacity (-9).
 A - a +2 hand axe of venom
 G - a +0 flail of draining
 H - a +2 short sword of draining
 K - a +1 vorpal flail
 L - a +1 flail of holy wrath
 M - a +5 short sword
 O - a +3 great sword of freezing
Missiles
 d - 64 sling bullets
 j - 206 stones (quivered)
 p - 10 poisoned darts
 r - 13 boomerangs
 B - 79 arrows
 C - 94 bolts
 Q - a curare-tipped dart
Armour
 b - a +1 buckler (worn)
 f - a +0 chain mail
 h - a +0 leather armour
 k - a +0 pair of boots (worn)
 y - a +2 cloak (worn)
 D - a +3 leather armour of willpower
 E - +0 ice dragon scales
 F - a +3 leather armour of fire resistance (worn)
 P - a +2 robe of resistance
Jewellery
 e - a ring of ice
 l - a +6 ring of intelligence
 q - a ring of positive energy
 z - a +4 ring of slaying (right claw)
 I - an amulet of guardian spirit (around neck)
 J - a +6 ring of strength (left claw)
 R - a +6 ring of intelligence
Scrolls
 i - 5 scrolls of noise
 s - a scroll of teleportation
 v - 2 scrolls of immolation
 N - a scroll of magic mapping
Potions
 a - a potion of cancellation
 g - a potion of heal wounds
 m - 2 potions of haste
 n - a potion of degeneration
 o - 5 potions of curing
 t - 2 potions of brilliance


   Skills:
 - Level 9.2 Fighting
 + Level 7.5(8.5) Maces & Flails
 - Level 6.1(7.8) Staves
 - Level 3.2 Armour
 + Level 12.1 Shields
 - Level 2.0 Unarmed Combat


You had 9 spell levels left.
You didn't know any spells.
Your spell library contained the following spells:

 Spells                   Type           Power      Damage    Failure   Level
 Animate Skeleton         Necr           0%         N/A       43%         1
 Apportation              Tloc           0%         N/A       43%         1
 Summon Small Mammal      Summ           0%         N/A       43%         1
 Alistair's Intoxication  Tmut/Pois      0%         N/A       100%        5
 Borgnjor's Vile Clutch   Necr/Erth      0%         N/A       100%        5
 Eringya's Noxious Bog    Tmut/Pois      0%         N/A       100%        6


Dungeon Overview and Level Annotations

Branches:
Dungeon (9/15)             Temple (1/1) D:4         Ossuary (visited)
   Lair: D:8-11         Orc: D:9-12

Altars:
Ashenzari
Cheibriados
Elyvilon
Gozag
Hepliaklqana
Makhleb
Okawaru
Qazlal
Trog
Wu Jian
Yredelemnul
Zin

Shops:
D:1 =

Annotations:
D:9 Gastronok


Innate Abilities, Weirdness & Mutations

You are immune to sickness and miasma.
Your stone body is resilient. (AC +7)
You are immune to poison.
You resist negative energy. (rN+)
You are resistant to electric shocks. (rElec)
You are resistant to unholy torment.
You are immune to petrification.
You have sharp fingernails.
Your body sometimes deteriorates upon taking damage.
You sometimes lose the ability to read scrolls when taking damage.
You have hidden genetic defects.


Message History

Maggie is moderately wounded.
You thump Maggie! You freeze Maggie.
Maggie is severely wounded.
You block Maggie's attack.
Gastronok bubbles merrily.
You sock Maggie! You freeze Maggie!
You kill Maggie!
Trog accepts your kill.
Trog appreciates your killing of a magic user.
Your Shields skill increases to level 12!
Things that are here:
a +0 broad axe; +0 steam dragon scales; the human corpse of Maggie
Found a stone staircase leading down.
You feel a strong urge to attack something.
You bludgeon Gastronok!! You freeze Gastronok!
Gastronok is moderately wounded.
You sock Gastronok! You freeze Gastronok.
Gastronok is moderately wounded.
You sock Gastronok! You freeze Gastronok.
Gastronok is heavily wounded.
You are no longer berserk.
You are exhausted.
You feel yourself slow down.
You sock Gastronok! You freeze Gastronok.
Gastronok is heavily wounded.
Gastronok waves his eye-stalks in wide circles.
The air twists around and strikes you!!
You feel threatened and lose the ability to read scrolls!
You hit Gastronok. You freeze Gastronok.
Gastronok is severely wounded.
You can read scrolls again.
Gastronok waves his eye-stalks in wide circles.
The air twists around and strikes you!!
You feel threatened and lose the ability to read scrolls!
* * * LOW HITPOINT WARNING * * *
You are confused.
You feel invigorated.
Gastronok waves his eye-stalks in wide circles.
The air twists around and strikes you!!
You die...

#<.............##..
#............##...
#..........#.....
#............###
#.........### .
##......### ..>
####....####
..>..##.....###
#.....w@).###
..####..### ##..
##.. #.. #.. #.# #.


You could see Gastronok.

Vanquished Creatures
  A two-headed ogre (D:7)
  Maggie (D:9)
  Sigmund (D:3)
  A wraith (D:7)
  A steam dragon (D:7)
  A water moccasin (D:6)
  A black bear (D:3)
  3 sky beasts
  3 orc warriors
  An ice beast (D:3)
  2 necrophages
  3 phantoms
  A kobold brigand (D:8)
  4 bullfrogs
  3 scorpions
  A wyvern skeleton (D:6)
  5 wights (D:6)
  2 centaur zombies
  2 human zombies (Ossuary)
  2 jellies
  2 hounds (D:6)
  3 orc priests
  A gnoll shaman (D:6)
  Crazy Yiuf (D:2)
  2 iguanas
  Ijyb (D:3)
  5 orc wizards
  2 mummies (Ossuary)
  A howler monkey zombie (D:7)
  6 adders
  8 gnolls
  2 shadow imps (D:7)
  An adder zombie (Ossuary)
  An adder skeleton (D:5)
  3 worms
  2 dart slugs
  18 orcs
  5 endoplasms
  10 giant cockroaches
  7 goblins
  5 hobgoblins
  4 jackals (D:2)
  6 quokkas
  3 ball pythons
  7 bats
  3 frilled lizards
  2 goblin zombies (Ossuary)
  10 hobgoblin zombies (Ossuary)
  7 kobolds
  12 kobold zombies (Ossuary)
  9 orc zombies (Ossuary)
  6 rats
  A rat zombie (Ossuary)
195 creatures vanquished.

Vanquished Creatures (others)
  59 plants (D:2)
59 creatures vanquished.

Grand Total: 254 creatures vanquished

Notes
Turn   | Place    | Note
-------+----------+-------------------------------------------
     0 | D:1      | Legadrian the Gargoyle Fighter began the quest for the Orb.
     0 | D:1      | Reached XP level 1. HP: 14/14 MP: 1/1
   137 | D:1      | Found Jaanisee's Jewellery Shop.
   162 | D:1      | Reached XP level 2. HP: 19/20 MP: 2/2
   931 | D:1      | Found a faded altar of an unknown god.
  1085 | D:2      | Reached XP level 3. HP: 19/24 MP: 3/3
  1163 | D:2      | Found Putraulu's Antique Armour Boutique.
  1520 | D:2      | Reached skill level 5 in Fighting
  1750 | D:2      | Reached XP level 4. HP: 31/31 MP: 4/4
  2007 | D:2      | Found a basalt altar of Yredelemnul.
  2422 | D:2      | Found a runed translucent door.
  2423 | D:2      | Noticed Crazy Yiuf
  2431 | D:2      | Killed Crazy Yiuf
  2750 | D:3      | Noticed an ice beast
  2804 | D:3      | Killed an ice beast
  2805 | D:3      | Reached skill level 1 in Staves
  2805 | D:3      | Reached XP level 5. HP: 4/37 MP: 5/5
  3111 | D:3      | Noticed Ijyb
  3121 | D:3      | Killed Ijyb
  3122 | D:3      | Reached XP level 6. HP: 8/42 MP: 6/6
  3555 | D:3      | Noticed Sigmund
  3559 | D:3      | Killed Sigmund
  3562 | D:3      | Found an opulent altar of Gozag.
  3716 | D:3      | Noticed a black bear
  3721 | D:3      | Killed a black bear
  3722 | D:3      | Reached XP level 7. HP: 48/48 MP: 7/7
  3973 | D:3      | Gained mutation: Your magical capacity is low. (-10% MP)
                  | [potion of mutation]
  3973 | D:3      | Gained mutation: Your body sometimes deteriorates upon
                  | taking damage. [potion of mutation]
  3973 | D:3      | Gained mutation: Your body often deteriorates upon taking
                  | damage. [potion of mutation]
  3973 | D:3      | Gained mutation: You have hidden genetic potential. [potion
                  | of mutation]
  4079 | D:4      | Found a basalt altar of Yredelemnul.
  4101 | D:4      | Noticed a green death
  4102 | D:4      | Found a burning altar of Makhleb.
  4107 | D:4      | Found a glowing silver altar of Zin.
  4107 | D:4      | Noticed an angel
  4315 | D:4      | Found a sand-covered staircase.
  4323 | Ossuary  | Entered an ossuary
  4764 | D:4      | Found a staircase to the Ecumenical Temple.
  4770 | Temple   | Entered the Ecumenical Temple
  4823 | Temple   | Became a worshipper of Trog the Wrathful
  5092 | D:5      | Entered Level 5 of the Dungeon
  5187 | D:5      | Identified a scroll of acquirement
  5188 | D:5      | Acquired a manual of Shields
  5211 | D:5      | Reached skill level 5 in Staves
  5223 | D:5      | Reached XP level 8. HP: 50/55 MP: 7/7
  5240 | D:5      | You fall into a shaft and drop 1 floor!
  5266 | D:6      | Lost mutation: Your magical capacity is low. (-10% MP)
                  | [hidden potential]
  5390 | D:6      | Reached * piety under Trog
  6053 | D:6      | Reached skill level 1 in Maces & Flails
  6053 | D:6      | Reached skill level 4 in Shields
  6344 | D:6      | Reached skill level 5 in Shields
  6565 | D:6      | Reached skill level 6 in Shields
  6565 | D:6      | Reached XP level 9. HP: 56/60 MP: 7/9
  6932 | D:6      | Reached skill level 7 in Shields
  7221 | D:5      | Found a stormy altar of Qazlal.
  7266 | D:5      | Gained mutation: You have great hidden genetic potential.
                  | [hidden potential]
  7266 | D:5      | Lost mutation: You have great hidden genetic potential.
                  | [hidden potential expressed]
  7342 | D:5      | Identified the +4 flail "Jaob" {freeze, rPois MP-9 Int+3
                  | Dex+4}
  7483 | D:5      | Found a broken altar of Ashenzari.
  7572 | D:7      | Reached skill level 8 in Shields
  7971 | D:7      | Reached skill level 5 in Maces & Flails
  8057 | D:7      | Noticed a two-headed ogre
  8078 | D:7      | Killed a two-headed ogre
  8079 | D:7      | Reached skill level 10 in Shields
  8102 | D:7      | Reached XP level 10. HP: 29/66 MP: 1/10
  8432 | D:7      | Reached skill level 11 in Shields
  8575 | D:8      | Reached ** piety under Trog
  8590 | D:8      | Gained mutation: You are strong-willed. (Will+) [hidden
                  | potential]
  8790 | D:8      | Found a snail-covered altar of Cheibriados.
  8806 | D:8      | Found a hazy altar of Hepliaklqana.
  9058 | D:8      | Found an iron altar of Okawaru.
  9076 | D:8      | Lost mutation: You are strong-willed. (Will+) [potion of
                  | mutation]
  9076 | D:8      | Lost mutation: Your body often deteriorates upon taking
                  | damage. [potion of mutation]
  9076 | D:8      | Lost mutation: You have hidden genetic potential. [potion
                  | of mutation]
  9076 | D:8      | Gained mutation: You sometimes lose the ability to read
                  | scrolls when taking damage. [potion of mutation]
  9076 | D:8      | Gained mutation: You have hidden genetic defects. [potion
                  | of mutation]
  9076 | D:8      | Gained mutation: You have sharp fingernails. [potion of
                  | mutation]
  9314 | D:9      | Noticed Gastronok
  9314 | D:9      | Noticed Maggie
  9321 | D:9      | Killed Maggie
  9322 | D:9      | Reached skill level 12 in Shields
  9329 | D:9      | Killed from afar by Gastronok

Illustrated notes

Levels and vault maps discovered:
D:1:      saegor_arrival_fortress, layout_basic, serial_shops,
          nicolae_shop_crystal, hellmonk_ecumenical_altar_prayer_group
D:2:      wad_woods_stonehenge, layout_basic, serial_shops,
          nicolae_shop_waterfront, minmay_worlds_worst_comb,
          uniq_crazy_yiuf_cottage
D:3:      layout_loops_ring, grunt_gozag_breadcrumbs, uniq_ijyb, uniq_sigmund
D:4:      layout_basic, grunt_temple_overflow_order_and_chaos_2,
          nicolae_overflow_crystal_walls, minmay_temple_entry_enclosed_plants,
          nicolae_ossuary_entry_monument, minmay_misc_feat_diagonals, hex_large
D:5:      layout_rooms, kennysheep_mini_moat, amcnicky_altar_gilded,
          nrook_uturn, interstate_on_off
D:6:      layout_layer_cave, kennysheep_small_spiral, minmay_puff
D:7:      layout_basic
D:8:      layout_gridville, cheibriados_altar_2, mainiacjoe_overflow_brackets,
          okawaru_ov_weapons_minmay, nicolae_sextant
D:9:      gammafunk_indiana_jones, layout_cave_pods,
          mainiacjoe_overflow_two_lobes, erik_lair_orcish_takeover, uniq_maggie,
          uniq_gastronok
Temple:   minmay_temple_curvy_loop

Skill      XL: |  1  2  3  4  5  6  7  8  9 10 |
---------------+-------------------------------+-----
Fighting       | 4 5 6 7 8 9 |  9.2
Staves         | 1 2 3 5 6 |  6.1
Maces & Flails | 3 6 7 |  7.5
Shields        | 6 10 12 | 12.1
Armour         | |  3.2
Unarmed Combat | |  2.0

Action                   |  1- 3 |  4- 6 |  7- 9 | 10-12 || total
-------------------------+-------+-------+-------+-------++-------
Melee: Unarmed           |   178 |   106 |       |       ||   284
       Quarterstaff      |       |    31 |   168 |       ||   199
       Flail             |       |       |    92 |    69 ||   161
 Fire: Hunting sling     |       |     6 |       |       ||     6
Throw: Stone             |    23 |    35 |       |       ||    58
Invok: Berserk           |       |       |     1 |     1 ||     2
  Use: Potion            |       |     2 |     8 |     2 ||    12
       Scroll            |       |       |    15 |       ||    15
 Stab: Paralysed         |       |       |     1 |       ||     1
       Petrifying        |       |       |     1 |       ||     1
       Petrified         |       |       |     1 |       ||     1
Armor: Scale mail        |     7 |       |       |       ||     7
       Chain mail        |   101 |    93 |       |       ||   194
       Leather armour    |       |     6 |   117 |    26 ||   149
Dodge: Dodged            |    54 |    68 |   112 |    20 ||   254
Block: Buckler           |    27 |    26 |    18 |    16 ||    87
